 Dungeon Crawl Stone Soup version 0.32-a0-872-g59262bdc9b (webtiles) character file.

Game seed: 10579689480419049306

1835206 Kenran the Middleweight Champion (level 25, 250/257 HPs)
             Began as a Minotaur Ice Elementalist on Mar 30, 2024.
             Was the Champion of Okawaru.
             Escaped with the Orb
             ... and 3 runes!
             The game lasted 01:53:59 (55489 turns).

Kenran the Middleweight Champion (MiIE)            Turns: 55489, Time: 01:54:00

Health: 250/257    AC: 41    Str: 25    XL:     25   Next: 36%
Magic:  34/34      EV: 10    Int: 19    God:    Okawaru [******]
Gold:   3152       SH: 26    Dex: 26    Spells: 26/26 levels left

rFire   + +          .
                       - Unarmed
rCold   + + .        h - +0 tower shield
rNeg    + . .        g - +12 chain mail "Bominaem" {rC+ rCorr Str-5 Slay+4}
rPois   +            N - +2 hat "Coawedest" {Fly rElec Dex+8 Stlth-}
rElec   +            u - +2 cloak {Will+}
rCorr   +            L - +1 pair of gloves of Monotheism {Str+4 Int+5}
SInv    +            K - +1 pair of boots "Xid Ymuthami" {Rampage rN+ Str+2 SInv}
Will    ++...        S - amulet of Vitality {Regen++ RegenMP++} Stlth
                     r - ring "Sutoally" {rPois rF+ Dex+6}
HPRegen 2.22/turn    Q - ring "Unluone" {Wiz rF+ rC+ Int+2}
MPRegen 1.04/turn

%: rampage, wizardry (x1)
@: flying, studying Invocations
A: horns 2, retaliatory headbutt, mutation resistance 1, screaming 1, persistent
drain
0: Orb of Zot
}: 3/15 runes: barnacled, abyssal, gossamer
a: Renounce Religion, Heroism, Finesse, Duel


You escaped.
You worshipped Okawaru.
Okawaru was exalted by your worship.
You visited 10 branches of the dungeon, and saw 46 of its levels.
You visited the Abyss 1 time.
You visited 1 bazaar.
You also visited: Trove, Sewer and Gauntlet.

You collected 6448 gold pieces.
You spent 3296 gold pieces at shops.

Inventory:

Missiles
 l - 13 throwing nets
Armour
 g - the +12 chain mail "Bominaem" (worn) {rC+ rCorr Str-5 Slay+4}
   (You found it on level 2 of the Dungeon)

   Str-5:     It affects your strength (-5).
   Slay+4:    It affects your accuracy & damage with ranged weapons and melee
   (+4).
   rC+:       It protects you from cold.
   rCorr:     It protects you from acid and corrosion.
 h - a +0 tower shield (worn)
 u - a +2 cloak of willpower (worn)
 A - a +2 kite shield of protection
 K - the +1 pair of boots "Xid Ymuthami" (worn) {Rampage rN+ Str+2 SInv}
   (You acquired it on level 11 of the Dungeon)

   Str+2:     It affects your strength (+2).
   rN+:       It protects you from negative energy.
   SInv:      It lets you see invisible.
   Rampage:   It bestows one free step when moving towards enemies.
 L - the +1 pair of gloves of Monotheism (worn) {Str+4 Int+5}
   (Okawaru gifted it to you on level 3 of the Lair of Beasts)

   Str+4:     It affects your strength (+4).
   Int+5:     It affects your intelligence (+5).
 N - the +2 hat "Coawedest" (worn) {Fly rElec Dex+8 Stlth-}
   (You found it in a treasure trove)

   Dex+8:     It affects your dexterity (+8).
   rElec:     It insulates you from electricity.
   Fly:       It grants you flight.
   Stlth-:    It makes you less stealthy.
 X - +0 gold dragon scales
Jewellery
 r - the ring "Sutoally" (left hand) {rPois rF+ Dex+6}
   (You found it on level 2 of the Depths)

   [ring of dexterity]

   Dex+6:     It affects your dexterity (+6).
   rF+:       It protects you from fire.
   rPois:     It protects you from poison.
 y - a ring of willpower
 E - a ring of positive energy
 M - a ring of see invisible
 Q - the ring "Unluone" (right hand) {Wiz rF+ rC+ Int+2}
   (You found it in a Gauntlet)

   [ring of wizardry]

   Wiz:       It improves your spell success rate.
   Int+2:     It affects your intelligence (+2).
   rF+:       It protects you from fire.
   rC+:       It protects you from cold.
 S - the amulet of Vitality (around neck) {Regen++ RegenMP++}
   (You bought it in a shop in a bazaar)

   [amulet of nothing]

   Regen++:   It increases your rate of health regeneration.
   RegenMP++: It increases your rate of magic regeneration.
Wands
 f - a wand of polymorph (6)
 m - a wand of paralysis (51)
 z - a wand of acid (22)
 C - a wand of roots (66)
 D - a wand of flame (53)
 U - a wand of mindburst (26)
 V - a wand of digging (20)
Scrolls
 c - 9 scrolls of teleportation
 d - 8 scrolls of revelation
 n - 3 scrolls of fog
 q - 16 scrolls of blinking
 w - 11 scrolls of identify {@r1}
 B - 7 scrolls of enchant armour
 I - 3 scrolls of silence
 P - 5 scrolls of fear
 T - 4 scrolls of immolation {!r}
Potions
 a - 9 potions of attraction {!q}
 b - 11 potions of magic
 e - 8 potions of might
 i - 11 potions of mutation {!q}
 j - 15 potions of curing {@q1}
 k - 16 potions of heal wounds {@q2}
 o - 3 potions of berserk rage {!q}
 p - 2 potions of invisibility
 t - 9 potions of enlightenment
 x - 5 potions of cancellation
 F - 5 potions of resistance
 H - 5 potions of lignification {!q}
 J - 7 potions of haste
 O - 2 potions of ambrosia
Miscellaneous
 s - a lightning rod (4/4)
 G - a phial of floods
 R - a tin of tremorstones (2/2)


   Skills:
 O Level 27 Fighting
 + Level 25.4 Armour
 - Level 2.1 Dodging
 - Level 1.5 Stealth
 + Level 23.8 Shields
 O Level 27 Unarmed Combat
 - Level 1.3 Spellcasting
 - Level 2.9 Ice Magic
 + Level 17.0 Invocations
 + Level 6.4 Evocations


You had 26 spell levels left.
You didn't know any spells.
Your spell library contained the following spells:

 Spells                   Type           Power      Damage    Failure   Level
 Freeze                   Ice            48%        1d6       6%          1
 Ensorcelled Hibernation  Hex/Ice        12%        N/A       16%         2
 Frozen Ramparts          Ice            24%        1d4       17%         3
 Ozocubu's Armour         Ice            12%        N/A       17%         3
 Apportation              Tloc           2%         N/A       19%         1
 Foxfire                  Conj/Fire      4%         2x1d4     19%         1
 Magic Dart               Conj           4%         1d3       19%         1
 Necrotise                Necr           4%         1d4       19%         1
 Shock                    Conj/Air       4%         1d3       19%         1
 Blink                    Tloc           2%         N/A       28%         2
 Jinxbite                 Hex            2%         N/A       28%         2
 Sublimation of Blood     Necr           1%         N/A       28%         2
 Hailstorm                Conj/Ice       6%         3d5       30%         3
 Dazzling Flash           Conj/Hex       2%         N/A       47%         3
 Inner Flame              Hex/Fire       1%         N/A       47%         3
 Mephitic Cloud           Conj/Alch/Air  1%         N/A       47%         3
 Passwall                 Erth           1%         N/A       47%         3
 Sigil of Binding         Hex            1%         N/A       47%         3
 Swiftness                Air            1%         N/A       47%         3
 Vampiric Draining        Necr           1%         2d6       47%         3
 Airstrike                Air            0%         2d(1-17)  86%         4
 Cause Fear               Hex            0%         N/A       86%         4
 Flame Wave               Conj/Fire      1%         2d4       86%         4
 Maxwell's Portable Pile  Tloc           1%         2d(5-10)  86%         4
 Passage of Golubria      Tloc           1%         N/A       86%         4
 Sticky Flame             Fire/Alch      1%         2d4       86%         4
 Freezing Cloud           Conj/Ice/Air   2%         6-21      96%         5
 Alistair's Intoxication  Alch           0%         N/A       99%         5
 Arcjolt                  Conj/Air       0%         1d10      99%         5
 Borgnjor's Vile Clutch   Necr/Erth      0%         N/A       99%         5
 Curse of Agony           Necr           1%         N/A       99%         5
 Fireball                 Conj/Fire      0%         3d3       99%         5
 Irradiate                Conj/Alch      0%         3d11      99%         5
 Silence                  Hex/Air        0%         N/A       99%         5
 Yara's Violent Unravell  Hex/Alch       0%         3d3       99%         5
 Dispersal                Tloc           0%         N/A       100%        6
 Eringya's Noxious Bog    Alch           0%         4d6       100%        6
 Gell's Gavotte           Tloc           0%         2d(11-16) 100%        6
 Permafrost Eruption      Ice/Erth       3%         2x4d2     100%        6
 Plasma Beam              Fire/Air       0%         2x1d10    100%        6
 Starburst                Conj/Fire      0%         6d3       100%        6
 Enfeeble                 Hex            0%         N/A       100%        7
 Manifold Assault         Tloc           0%         N/A       100%        7
 Borgnjor's Revivificati  Necr           0%         N/A       100%        8
 Disjunction              Tloc           0%         N/A       100%        8
 Ignition                 Fire           0%         3d3       100%        8
 Lehudib's Crystal Spear  Conj/Erth      0%         10d2      100%        8
 Maxwell's Capacitive Co  Air            0%         ∞         100%        8
 Chain Lightning          Conj/Air       0%         2d1       100%        9
 Death's Door             Necr           0%         N/A       100%        9
 Fire Storm               Conj/Fire      0%         6d1       100%        9
 Shatter                  Erth           0%         3d5*      100%        9
 Call Imp                 Summ           Unusable   N/A       N/A         2
 Summon Ice Beast         Ice/Summ       Unusable   N/A       N/A         3
 Tukima's Dance           Hex            Unusable   N/A       N/A         3
 Animate Dead             Necr           Unusable   N/A       N/A         4
 Martyr's Knell           Necr/Summ      Unusable   N/A       N/A         4
 Summon Mana Viper        Hex/Summ       Unusable   N/A       N/A         5
 Death Channel            Necr           Unusable   N/A       N/A         6
 Sculpt Simulacrum        Ice/Alch       Unusable   N/A       N/A         6
 Haunt                    Necr/Summ      Unusable   N/A       N/A         7
 Monstrous Menagerie      Summ           Unusable   N/A       N/A         7
 Summon Hydra             Summ           Unusable   N/A       N/A         7
 Dragon's Call            Summ           Unusable   N/A       N/A         9

Dungeon Overview and Level Annotations

Branches:
Dungeon (15/15)            Temple (1/1) D:5            Lair (5/5) D:9
 Shoals (4/4) Lair:3       Spider (4/4) Lair:3        Slime (0/5) Lair:4
    Orc (2/2) D:10            Elf (2/3) Orc:2        Vaults (4/5) D:14
  Crypt (0/3) Vaults:2     Depths (4/4) D:15            Zot (5/5) Depths:4
  Sewer (visited)         Gauntlet (visited)

Altars:
Ashenzari
Cheibriados
Dithmenos
Elyvilon
Fedhas
Gozag
Hepliaklqana
Kikubaaqudgha
Makhleb
Nemelex Xobeh
Okawaru
Qazlal
Ru
Sif Muna
Trog
Uskayaw
Vehumet
Wu Jian
Xom
Yredelemnul
Zin
The Shining One
Beogh
Jiyva
Lugonu

Shops:
D:3 (   Orc:1 *   Orc:2 [!:?   Elf:2 ==(:   Vaults:2 !?(!   Vaults:4 [(
Zot:1 *   Depths:3 :

Portals:
Hell: Depths:1 Depths:2 Depths:3 Depths:4
Abyss: Depths:2 Depths:3
Pandemonium: Depths:2 Depths:3
Ziggurat: Depths:3

Annotations:
D:5 2 transporters
D:7 1 runed translucent door, Crazy Yiuf
Lair:5 2 transporters, Ananasrisotto's ghost, journeyman AtAr
Shoals:3 Roxanne
Spider:1 2 transporters, Jomugaj's ghost, journeyman DrSh
Orc:1 3 runed translucent doors, exclusion: obsidian statue, BuckBreaker's ghost, journeyman FoFi
Elf:2 5 runed translucent doors
Vaults:4 3 runed translucent doors, jdvbjdbfj's ghost, adept MiFi
Zot:5 exclusion: obsidian statue


Innate Abilities, Weirdness & Mutations

You have a pair of horns on your head.
You reflexively headbutt those who attack you in melee.
You are somewhat resistant to further mutation.
You occasionally shout uncontrollably at your foes.
Your health recovers twice as slowly from being drained.


Message History

You kill the soul eater!
Okawaru accepts your kill.
No target in view!
There is an open door here.
There is a stone staircase leading up here.
You fly upwards.
There is a stone staircase leading down here.
What level of the Dungeon? (default 4, ? - help)
You see here a hobgoblin skeleton.
A hell beast comes into view.
There is a stone staircase leading up here.
You fly upwards.
There is a stone staircase leading down here.
There is a stone staircase leading up here.
You fly upwards.
There is a stone staircase leading down here.
An Orb Guardian comes into view.
You rampage towards the Orb Guardian!
You rampage towards the Orb Guardian!
You pummel the Orb Guardian!! Your headbutt misses the Orb Guardian.
The Orb Guardian is moderately wounded.
You block the Orb Guardian's attack.
You closely miss the Orb Guardian. You headbutt the Orb Guardian!
The Orb Guardian is heavily wounded.
The Orb Guardian hits you!!
You miss the Orb Guardian.
You headbutt the Orb Guardian, but do no damage.
The Orb Guardian is heavily wounded.
A sun demon comes into view.
You barely miss the Orb Guardian. You headbutt the Orb Guardian.
The Orb Guardian is heavily wounded.
You block the Orb Guardian's attack.
You pulverise the Orb Guardian!!!
You kill the Orb Guardian!
Okawaru accepts your kill.
Your Invocations skill increases to level 17!
A sun demon comes into view.
The sun demon shouts!
There is a staircase leading out of the dungeon here.
You have escaped!

........# #.....# #.#.#.#.##
........# #.....## #.#.#'#...
........# #......#####.#.......
........# #######.......##......
........# ##.........##.....÷....
...)....###..≈≈≈≈≈≈≈..#...#......
........##..≈≈.♣...≈≈............
........#..≈≈.......≈≈...........
........#.≈≈.♣..@3ß..≈≈...#......
#######.#.≈..ß.....♣..≈...+......
...# #.†.≈...........≈..##......
...# ###.≈≈.......♣.≈≈...##.....
...# #..≈≈....ß..≈≈..#.##.####
...# #...≈≈.....≈≈..##..#.#...
...#######...≈≈≈.≈≈≈..#.##...#...
.....÷)...#...........#......#..#
....#####.##..........#.##.#.....


You could see a sun demon.

Vanquished Creatures
  A pandemonium lord (D:15)
  3 dread liches (Zot:5)
  2 ancient liches (Zot:5)
  4 orbs of fire (Zot:5)
  Mennas (Vaults:4)
  A juggernaut (Abyss:4)
  4 Killer Klowns
  Bai Suzhen (Spider:3)
  12 golden dragons
  A curse toe (Zot:5)
  The ghost of greenbourne the Acrobat, a veteran FeDe of Trog (Zot:3)
  A profane servitor (D:4)
  A bone dragon (Abyss:4)
  A Brimstone Fiend (Zot:2)
  4 electric golems
  Mlioglotl (Spider:4)
  Zenata (Vaults:4)
  22 tentacled monstrosities
  30 Orb Guardians
  An Ice Fiend (Zot:3)
  3 quicksilver dragons
  4 liches
  2 sphinxes (Vaults:3)
  13 death cobs
  An Executioner (Depths:2)
  4 ancient champions (Depths:4)
  Kirke (Shoals:1)
  8 shadow dragons
  Gastronok (Lair:3)
  A tengu reaver (Vaults:3)
  10 storm dragons
  Ilsuiw (Shoals:4)
  8 protean progenitors
  17 fire giants
  10 draconian monks
  A daeva (D:4)
  9 emperor scorpions
  Louise (Shoals:3)
  An iron dragon (Vaults:3)
  8 draconian knights
  7 vault wardens
  8 draconian scorchers
  3 balrugs
  5 frost giants
  14 ghost moths
  2 cacodemons
  8 draconian shifters
  8 draconian annihilators
  10 draconian stormcallers
  An orc warlord (Orc:2)
  A demonspawn blood saint (Depths:4)
  29 very ugly things
  A quicksilver ooze (Zot:3)
  5 ironbound thunderhulks
  5 angels
  17 ironbound preservers
  3 formless jellyfish
  10 stone giants
  15 green draconians
  2 ophanim (Abyss:4)
  A vampire knight (Depths:2)
  9 black draconians
  12 white draconians
  9 dire elephants
  A deep elf annihilator (Elf:1)
  A deep elf death mage (Vaults:3)
  14 purple draconians
  12 spark wasps
  A minotaur (Gauntlet)
  2 war gargoyles (Vaults:3)
  Azrael (D:13)
  A blizzard demon (Depths:4)
  16 red draconians
  12 yellow draconians
  An eidolon (Abyss:4)
  14 fire dragons
  7 merfolk javelineers
  11 ettins
  2 entropy weavers
  Josephine (D:15)
  6 merfolk impalers
  3 vault guards
  8 yaktaur captains
  8 great orbs of eyes
  9 rakshasas
  5 spriggan air magi
  7 ice dragons
  3 catoblepae
  9 ironbound frosthearts
  17 centaur warriors
  5 hydras
  3 radroaches
  3 peacekeepers
  2 alligator snapping turtles (Shoals:4)
  A merfolk avatar (Shoals:3)
  6 merfolk aquamancers
  6 two-headed ogres
  11 dancing weapons
  3 jorogumos
  3 anacondas (Zot:4)
  7 boulder beetles
  11 deep troll shamans
  A satyr (Shoals:4)
  6 demonic crawlers
  5 orc high priests (Orc:2)
  6 deep troll earth magi
  7 tengu warriors
  17 death yaks
  A vampire mage (Depths:1)
  Urug (Lair:3)
  A hell hog (Depths:3)
  3 spriggan berserkers
  An occultist (Depths:1)
  A thrashing horror (Abyss:4)
  A sphinx skeleton (Depths:3)
  A hell knight (D:15)
  A sun demon (Depths:3)
  A shock serpent (shapeshifter) (D:15)
  7 deep elf knights
  2 soul eaters
  4 skeletal warriors (D:11)
  5 skysharks
  A salamander mystic (Depths:3)
  Amaemon (D:8)
  6 pharaoh ants
  3 sixfirhies
  7 iron trolls
  A mana viper (shapeshifter) (Vaults:1)
  A storm dragon skeleton (Depths:3)
  58 deep trolls
  3 sea snakes
  9 orb spiders
  9 glowing orange brains
  10 deep elf archers
  7 thermic dynamos
  A flayed ghost (Depths:2)
  5 arcanists
  2 cherubim (Abyss:4)
  A lindwurm (shapeshifter) (Depths:2)
  20 deep elf pyromancers
  19 ironbound convokers
  5 swamp dragons
  2 obsidian bats (Orc:2)
  11 steelbarb worms
  A lightning spire (Zot:2)
  A necromancer (Gauntlet)
  12 lindwurms
  23 deep elf zephyrmancers
  13 harpies
  4 orc knights
  Pikel (D:6)
  An oklob plant (Lair:3)
  6 orc sorcerers (Orc:2)
  31 ugly things
  11 manticores
  5 salamanders
  22 wolf spiders
  6 fauns
  A shadow dragon skeleton (Depths:3)
  12 black mambas
  6 meliai
  19 moths of wrath
  A cyclops (Shoals:2)
  20 elephants
  13 merfolk sirens
  18 vault sentinels
  29 slime creatures
  3 kobold blastminers (Orc:2)
  3 large abominations
  3 orange demons
  8 torpor snails
  A smoke demon (Abyss:4)
  2 gargoyles
  2 water nymphs
  12 cane toads
  A kobold demonologist (D:12)
  4 rime drakes
  3 efreet
  An unseen horror (D:12)
  12 yaktaurs
  A tengu conjurer (Gauntlet)
  15 komodo dragons
  A tormentor (Zot:4)
  An ancient zyme (Abyss:4)
  A queen bee (shapeshifter) (D:15)
  5 trolls
  6 polar bears
  28 merfolk
  18 tarantellas
  9 wind drakes
  2 hornets (D:9)
  Prince Ribbit (D:5)
  11 snapping turtles
  15 blink frogs
  7 dream sheep
  20 culicivoras
  33 jumping spiders
  A spriggan (shapeshifter) (Elf:1)
  2 air elementals (Elf:1)
  4 wyverns
  A centaur simulacrum (D:15)
  A vampire (D:11)
  8 small abominations
  A shadow (D:11)
  5 wraiths
  5 basilisks
  14 water elementals
  62 yaks
  3 fire elementals (D:13)
  3 humans (Shoals:1)
  3 steam dragons
  A hog (Shoals:1)
  4 wargs
  7 vampire mosquitoes
  A neqoxec (Depths:4)
  41 redbacks
  2 hell hounds (D:13)
  12 water moccasins
  2 acid dragons
  A glowing shapeshifter skeleton (Depths:3)
  4 ice beasts
  A sky beast (D:7)
  7 black bears
  49 orc warriors
  A crocodile (shapeshifter) (Elf:2)
  A tengu (shapeshifter) (Abyss:4)
  15 wolves
  7 boggarts
  A crocodile (Sewer)
  16 ogres
  12 centaurs
  2 lemures (D:6)
  5 kobold brigands
  12 bullfrogs
  A brain worm (Sewer)
  5 gnoll sergeants (D:10)
  3 earth elementals
  7 scorpions
  5 wights (D:8)
  7 killer bees
  2 electric eels
  5 howler monkeys
  3 jellies
  3 hounds
  2 sleepcaps
  33 orc priests
  An iguana (D:5)
  Terence (D:2)
  17 orc wizards
  5 hell rats (Lair:4)
  A statue (D:8)
  6 gnolls
  7 adders
  2 shadow imps
  6 white imps
  A dart slug (D:9)
  4 ribbon worms
  92 orcs
  7 ball pythons
  6 endoplasms
  3 giant cockroaches
  10 goblins
  7 hobgoblins
  6 jackals (D:2)
  7 quokkas
  12 bats
  5 frilled lizards
  31 kobolds
  6 rats
  3 aspiring fleshes
  A butterfly (Zot:4)
1994 creatures vanquished.

Vanquished Creatures (others)
  A boulder beetle (D:13)
  A deep elf pyromancer (Elf:1)
  A moth of wrath (Zot:5)
  A large abomination (Abyss:4)
  A tengu conjurer (D:14)
  A merfolk (Shoals:4)
  An orc priest (Orc:2)
  A jelly (D:8)
  3 orcs
11 creatures vanquished.

Grand Total: 2005 creatures vanquished

Notes
Turn   | Place    | Note
-------+----------+-------------------------------------------
     0 | D:1      | Kenran the Minotaur Ice Elementalist began the quest for
                  | the Orb.
     0 | D:1      | Reached XP level 1. HP: 14/14 MP: 1/1
   154 | D:1      | Reached skill level 1 in Unarmed Combat
   365 | D:1      | Reached XP level 2. HP: 20/20 MP: 3/3
   672 | D:1      | Reached XP level 3. HP: 14/26 MP: 4/4
  1214 | D:2      | Identified the +12 chain mail "Bominaem" {rC+ rCorr Str-5
                  | Slay+4}
  1353 | D:2      | Noticed Terence
  1369 | D:2      | Killed Terence
  1370 | D:2      | Reached XP level 4. HP: 30/33 MP: 5/5
  1547 | D:2      | You fall into a shaft and drop 2 floors!
  1575 | D:4      | Noticed an ogre
  1575 | D:4      | Noticed a scorpion
  1590 | D:4      | Noticed a scorpion
  1595 | D:4      | Killed a scorpion
  1596 | D:4      | Reached skill level 5 in Unarmed Combat
  1596 | D:4      | Reached XP level 5. HP: 38/38 MP: 6/6
  1601 | D:4      | Found a burning altar of Makhleb.
  1699 | D:4      | Reached XP level 6. HP: 31/45 MP: 7/7
  1864 | D:4      | Reached skill level 1 in Fighting
  1864 | D:4      | Reached skill level 1 in Armour
  1928 | D:4      | Reached XP level 7. HP: 47/55 MP: 8/8
  2136 | D:4      | Found a glowing drain.
  2147 | Sewer    | Entered a sewer
  3216 | D:3      | Found Cefoleaq's Antique Weapon Emporium.
  3634 | D:5      | Entered Level 5 of the Dungeon
  3680 | D:5      | Found a transporter.
  3685 | D:5      | Found a transporter.
  3709 | D:5      | Found an ancient bone altar of Kikubaaqudgha.
  3755 | D:5      | Found a staircase to the Ecumenical Temple.
  3761 | Temple   | Entered the Ecumenical Temple
  3994 | D:5      | Noticed a steam dragon
  3995 | D:5      | Noticed a steam dragon
  4002 | D:5      | Killed a steam dragon
  4003 | D:5      | Reached XP level 8. HP: 15/66 MP: 9/9
  4544 | D:5      | Noticed Prince Ribbit
  4569 | D:5      | Killed Prince Ribbit
  4679 | D:5      | Found a shadowy altar of Dithmenos.
  4949 | D:6      | Reached skill level 10 in Unarmed Combat
  5019 | D:6      | Reached skill level 5 in Armour
  5153 | D:6      | Noticed Pikel
  5177 | D:6      | Killed Pikel
  5178 | D:6      | Reached XP level 9. HP: 64/71 MP: 10/10
  5216 | D:6      | Found a bloodstained altar of Trog.
  6052 | D:7      | Found a runed translucent door.
  6053 | D:7      | Noticed Crazy Yiuf
  6261 | D:7      | Reached skill level 5 in Fighting
  6930 | D:8      | Found a sacrificial altar of Ru.
  6930 | D:8      | Found a glowing golden altar of the Shining One.
  6930 | D:8      | Found an iron altar of Okawaru.
  7006 | D:8      | Became a worshipper of Warmaster Okawaru
  7160 | D:8      | Found a radiant altar of Vehumet.
  7279 | D:8      | Reached XP level 10. HP: 79/86 MP: 11/11
  7357 | D:8      | Reached * piety under Okawaru
  7358 | D:8      | Reached skill level 1 in Invocations
  7557 | D:8      | Noticed Amaemon
  7557 | D:8      | Noticed an orange demon
  7594 | D:8      | Killed Amaemon
  7599 | D:8      | Killed an orange demon
  7611 | D:8      | Noticed a two-headed ogre
  7617 | D:8      | Killed a two-headed ogre
  7617 | D:8      | Reached ** piety under Okawaru
  8099 | D:9      | Reached skill level 5 in Invocations
  8191 | D:9      | Reached *** piety under Okawaru
  8228 | D:9      | Noticed a two-headed ogre
  8237 | D:9      | Killed a two-headed ogre
  8280 | D:9      | Reached skill level 1 in Shields
  8354 | D:9      | Found a snail-covered altar of Cheibriados.
  8400 | D:9      | Reached XP level 11. HP: 80/94 MP: 13/13
  8411 | D:9      | Reached **** piety under Okawaru
  8434 | D:9      | Found a hazy altar of Hepliaklqana.
  8435 | D:9      | Found a shimmering altar of Xom.
  8437 | D:9      | Found a hide-covered altar of Uskayaw.
  8440 | D:9      | Found a blossoming altar of Fedhas.
  8462 | D:9      | Found a shimmering altar of Xom.
  8553 | D:9      | Reached skill level 5 in Shields
  8639 | D:9      | Found the sphere of Battle
  8698 | D:9      | Found a white marble altar of Elyvilon.
  8724 | D:9      | Noticed a two-headed ogre
  8732 | D:9      | Killed a two-headed ogre
  8822 | D:9      | Found a staircase to the Lair.
  8960 | D:10     | Entered Level 10 of the Dungeon
  8964 | D:10     | Found a stormy altar of Qazlal.
  9057 | D:10     | Reached ***** piety under Okawaru
  9245 | D:10     | Received a gift from Okawaru
  9516 | D:10     | Found an ornate altar of the Wu Jian Council.
  9539 | D:10     | Found a staircase to the Orcish Mines.
  9892 | Lair:1   | Entered Level 1 of the Lair of Beasts
 10129 | Lair:1   | Received a gift from Okawaru
 10210 | Lair:1   | Reached skill level 10 in Fighting
 10347 | Lair:1   | Reached skill level 10 in Armour
 10349 | Lair:1   | Reached XP level 12. HP: 88/106 MP: 14/14
 10362 | Lair:1   | Reached skill level 15 in Unarmed Combat
 10921 | Lair:1   | You fall into a shaft and drop 1 floor!
 10943 | Lair:2   | Reached ****** piety under Okawaru
 10982 | Lair:2   | Acquired the +8 whip "Snakebite" {venom, curare, rPois}
 10982 | Lair:2   | Received a gift from Okawaru
 10982 | Lair:2   | Found the +8 whip "Snakebite" {venom, curare, rPois}
 11148 | Lair:2   | Received a gift from Okawaru
 11499 | Lair:2   | Received a gift from Okawaru
 12791 | Lair:3   | Found a hole to the Spider Nest.
 12794 | Lair:3   | Reached XP level 13. HP: 107/118 MP: 15/17
 13291 | Lair:3   | Noticed Gastronok
 13311 | Lair:3   | Killed Gastronok
 13311 | Lair:3   | Received a gift from Okawaru
 13541 | Lair:3   | Noticed a dire elephant
 13584 | Lair:3   | Killed a dire elephant
 13749 | Lair:3   | Received a gift from Okawaru
 13769 | Lair:3   | Noticed a dire elephant
 13786 | Lair:3   | Killed a dire elephant
 14195 | Lair:3   | Noticed Urug
 14202 | Lair:3   | Killed Urug
 14365 | Lair:3   | Found a staircase to the Shoals.
 14384 | Lair:3   | Received a gift from Okawaru
 14393 | Lair:3   | Acquired the +1 pair of gloves of Monotheism {Str+4 Int+5}
 14393 | Lair:3   | Received a gift from Okawaru
 14796 | Lair:4   | Found a snail-covered altar of Cheibriados.
 14938 | Lair:4   | Found a viscous altar of Jiyva.
 14939 | Lair:4   | Found a staircase to the Slime Pits.
 15624 | Lair:5   | Entered Level 5 of the Lair of Beasts
 15655 | Lair:5   | Reached XP level 14. HP: 109/126 MP: 19/19
 15741 | Lair:5   | Reached skill level 1 in Evocations
 15986 | Lair:5   | Received a gift from Okawaru
 16287 | Lair:5   | Found a transporter.
 16304 | Lair:5   | Noticed Ananasrisotto's ghost (journeyman AtAr)
 16594 | Lair:5   | Reached skill level 5 in Evocations
 17153 | Lair:5   | Found a transporter.
 17690 | D:11     | Received a gift from Okawaru
 18040 | D:11     | Identified a scroll of acquirement
 18041 | D:11     | Acquired the +1 pair of boots "Xid Ymuthami" {Rampage rN+
                  | Str+2 SInv}
 18397 | D:12     | Found a portal to a secret trove of treasure.
 18916 | D:12     | Reached XP level 15. HP: 95/134 MP: 20/20
 19496 | D:13     | Noticed Azrael
 19528 | D:13     | Killed Azrael
 19528 | D:13     | Received a gift from Okawaru
 19910 | D:13     | Identified the amulet "Horecvod" {Spirit rCorr Dex+2}
 20109 | D:14     | Found a gate leading to a gauntlet.
 20126 | Gauntlet | Entered a Gauntlet
 20126 | Gauntlet | Found a transporter.
 20126 | Gauntlet | Found a runed translucent door.
 20127 | Gauntlet | Found a runed translucent door.
 20131 | Gauntlet | Found a transporter.
 20133 | Gauntlet | Found a transporter.
 20144 | Gauntlet | Found a transporter.
 20147 | Gauntlet | Found a transporter.
 20156 | Gauntlet | Found a transporter.
 20172 | Gauntlet | Found a transporter.
 20183 | Gauntlet | Found a transporter.
 20195 | Gauntlet | Found a transporter.
 20209 | Gauntlet | Found a transporter.
 20209 | Gauntlet | Found a transporter.
 20237 | Gauntlet | Found a transporter.
 20237 | Gauntlet | Found a transporter.
 20294 | Gauntlet | Found a transporter.
 20508 | Gauntlet | Identified the ring "Unluone" {Wiz rF+ rC+ Int+2}
 20547 | Gauntlet | Identified the +0 leather armour "Weajo" {Dex+4}
 20686 | D:14     | Reached skill level 15 in Armour
 20884 | D:14     | Received a gift from Okawaru
 21379 | D:14     | Found a gate to the Vaults.
 21552 | D:15     | Entered Level 15 of the Dungeon
 22174 | D:15     | Noticed Josephine
 22184 | D:15     | Killed Josephine
 22184 | D:15     | Received a gift from Okawaru
 22264 | D:15     | Found a staircase to the Depths.
 22642 | Spider:1 | Entered Level 1 of the Spider Nest
 22976 | Spider:1 | Noticed an emperor scorpion
 23073 | Spider:1 | Found a transporter.
 23081 | Spider:1 | Noticed Jomugaj's ghost (journeyman DrSh)
 23280 | Spider:1 | Found a transporter.
 23593 | Spider:2 | Reached XP level 16. HP: 123/147 MP: 21/21
 23744 | Spider:2 | Received a gift from Okawaru
 23757 | Spider:2 | Reached skill level 15 in Fighting
 24436 | Spider:2 | Received a gift from Okawaru
 25016 | Spider:3 | Noticed Bai Suzhen
 25653 | Spider:3 | Received a gift from Okawaru
 26402 | Spider:3 | Killed Bai Suzhen
 26495 | Spider:3 | Reached skill level 10 in Invocations
 26951 | Spider:3 | Received a gift from Okawaru
 27276 | Spider:4 | Entered Level 4 of the Spider Nest
 27555 | Spider:4 | Received a gift from Okawaru
 27818 | Spider:4 | Noticed Mlioglotl
 27832 | Spider:4 | Noticed a tentacled starspawn
 27834 | Spider:4 | Killed Mlioglotl
 27875 | Spider:4 | Reached XP level 17. HP: 129/158 MP: 23/25
 28440 | Spider:4 | Received a gift from Okawaru
 29086 | Spider:4 | Received a gift from Okawaru
 29182 | Spider:4 | Identified the +0 hat of Kaypoamn {rElec rC+}
 29194 | Spider:4 | Got a gossamer rune of Zot
 29465 | Shoals:1 | Entered Level 1 of the Shoals
 29765 | Shoals:1 | Noticed Kirke
 29783 | Shoals:1 | Killed Kirke
 30534 | Shoals:2 | Received a gift from Okawaru
 31353 | Shoals:3 | Noticed Louise
 31372 | Arena    | Entered the Arena
 31406 | Arena    | Entered the Arena
 31438 | Shoals:3 | Killed Louise
 31448 | Shoals:3 | Received a gift from Okawaru
 31963 | Shoals:3 | Noticed Roxanne
 32243 | Shoals:4 | Entered Level 4 of the Shoals
 32263 | Shoals:4 | Noticed Ilsuiw
 32295 | Shoals:4 | Killed Ilsuiw
 32387 | Shoals:4 | Found a flickering gateway to a bazaar.
 32412 | Bazaar   | Entered a bazaar
 32528 | Bazaar   | Found Lucva's Magic Scroll Shoppe.
 32528 | Bazaar   | Found Joguw's Jewellery Emporium.
 32539 | Bazaar   | Bought a scroll of teleportation for 27 gold pieces
 32539 | Bazaar   | Bought 3 scrolls of identify for 54 gold pieces
 32550 | Bazaar   | Found Kuha's Armour Shoppe.
 32550 | Bazaar   | Found Caivus's Assorted Antiques.
 32555 | Bazaar   | Bought 2 potions of heal wounds for 240 gold pieces
 32555 | Bazaar   | Bought 2 lumpy emerald potions for 43 gold pieces
 32572 | Bazaar   | Found Cedecw's Antique Weapon Shoppe.
 32572 | Bazaar   | Found Ogoah's Jewellery Emporium.
 32638 | Bazaar   | Bought the amulet of Vitality {Regen++ RegenMP++} for 800
                  | gold pieces
 32638 | Bazaar   | Found the amulet of Vitality {Regen++ RegenMP++}
 32818 | Shoals:4 | Reached XP level 18. HP: 145/168 MP: 26/26
 32946 | Shoals:4 | Got a barnacled rune of Zot
 33048 | Shoals:4 | Received a gift from Okawaru
 33830 | Orc:1    | Entered Level 1 of the Orcish Mines
 33851 | Orc:1    | Found a runed translucent gate.
 33851 | Orc:1    | Found a runed translucent gate.
 33851 | Orc:1    | Found a runed translucent gate.
 33863 | Orc:1    | Found an opulent altar of Gozag.
 33863 | Orc:1    | Noticed BuckBreaker's ghost (journeyman FoFi)
 33865 | Orc:1    | Found Cotwas's Assorted Antiques.
 33993 | Orc:2    | Entered Level 2 of the Orcish Mines
 34381 | Orc:1    | Found a roughly hewn altar of Beogh.
 34777 | Orc:2    | Identified the staff of Otivemagh {rF- rC+++ Stlth+ Conj
                  | Earth}
 34840 | Orc:2    | Found a staircase to the Elven Halls.
 34975 | Orc:2    | Found a roughly hewn altar of Beogh.
 35035 | Orc:2    | Paralysed by an orc sorcerer for 5 turns
 35085 | Orc:2    | Found Kankemm's Magic Scroll Emporium.
 35097 | Orc:2    | Bought a scroll of acquirement for 676 gold pieces
 35097 | Orc:2    | Bought 2 scrolls of fear for 104 gold pieces
 35097 | Orc:2    | Bought a scroll of blinking for 97 gold pieces
 35097 | Orc:2    | Bought a scroll of fog for 52 gold pieces
 35097 | Orc:2    | Acquired a manual of Shields
 35124 | Orc:2    | Found Lass's Book Shoppe.
 35128 | Orc:2    | Received a gift from Okawaru
 35306 | Orc:2    | Found a roughly hewn altar of Beogh.
 35329 | Orc:2    | Paralysed by an orc sorcerer for 2 turns
 35442 | Orc:2    | Found Gerhuipi's Antique Armour Shoppe.
 35541 | Orc:2    | Found Goix's Distillery.
 35572 | Orc:2    | Bought a potion of might for 56 gold pieces
 35572 | Orc:2    | Bought a potion of heal wounds for 70 gold pieces
 35572 | Orc:2    | Bought a potion of resistance for 140 gold pieces
 35572 | Orc:2    | Bought 2 potions of haste for 280 gold pieces
 35572 | Orc:2    | Bought a potion of might for 56 gold pieces
 35572 | Orc:2    | Bought a potion of resistance for 140 gold pieces
 35835 | Vaults:1 | Entered Level 1 of the Vaults
 36032 | Vaults:1 | Received a gift from Okawaru
 36051 | Vaults:1 | Identified the amulet "Cithriwou" {Regen+ Int+3 Dex+2
                  | Slay+2}
 36316 | Vaults:1 | Reached skill level 10 in Shields
 36369 | Vaults:1 | Paralysed by a formless jellyfish for 1 turns
 37205 | Vaults:2 | Reached XP level 19. HP: 166/179 MP: 27/27
 37238 | Vaults:1 | Received a gift from Okawaru
 37606 | Vaults:2 | Found Paathrij's Antique Weapon Emporium.
 37633 | Vaults:2 | Identified the +1 chain mail of Ezog {+Inv rF+ rC+ Dex-4}
 37882 | Vaults:2 | Found Xol Wood's Distillery.
 37890 | Vaults:2 | Bought 2 potions of heal wounds for 140 gold pieces
 37890 | Vaults:2 | Bought a potion of curing for 42 gold pieces
 37890 | Vaults:2 | Bought a potion of curing for 42 gold pieces
 37890 | Vaults:2 | Bought a potion of curing for 42 gold pieces
 37908 | Vaults:2 | Found Ilenuwom's Magic Scroll Shop.
 37916 | Vaults:2 | Bought a scroll of blinking for 165 gold pieces
 38064 | Vaults:2 | Found Leh All's Distillery.
 38124 | Vaults:2 | Found a staircase to the Crypt.
 38124 | Vaults:2 | Found a basalt altar of Yredelemnul.
 38124 | Vaults:2 | Found an ancient bone altar of Kikubaaqudgha.
 38189 | Vaults:2 | Reached skill level 15 in Shields
 38645 | Vaults:3 | Received a gift from Okawaru
 39139 | Vaults:3 | Noticed a golden dragon
 39199 | Vaults:3 | Killed a golden dragon
 39199 | Vaults:3 | Received a gift from Okawaru
 39421 | Vaults:3 | Found a glowing silver altar of Zin.
 39503 | Vaults:3 | Paralysed by a formless jellyfish for 1 turns
 39847 | Vaults:4 | Noticed Zenata
 39861 | Vaults:4 | Killed Zenata
 39963 | Vaults:4 | Noticed Mennas
 39973 | Vaults:4 | Killed Mennas
 39989 | Vaults:4 | Received a gift from Okawaru
 40320 | Vaults:4 | Found Puxotyg's Armour Emporium.
 40353 | Vaults:4 | Found a runed translucent gate.
 40353 | Vaults:4 | Found a runed translucent gate.
 40353 | Vaults:4 | Found a runed translucent gate.
 40376 | Vaults:4 | Reached XP level 20. HP: 176/193 MP: 28/28
 40502 | Vaults:4 | Found Basatefa's Weapon Shop.
 40704 | Vaults:4 | Received a gift from Okawaru
 40883 | Vaults:4 | Noticed jdvbjdbfj's ghost (adept MiFi)
 41600 | Depths:1 | Entered Level 1 of the Depths
 41832 | Elf:1    | Entered Level 1 of the Elven Halls
 42146 | Elf:1    | Paralysed by an air elemental for 1 turns
 42150 | Elf:1    | Paralysed by an air elemental for 1 turns
 42171 | Abyss:4  | Cast into level 4 of the Abyss (+3 trident of distortion)
 42192 | Abyss:4  | Received a gift from Okawaru
 42231 | Abyss:4  | Noticed a bone dragon
 42243 | Abyss:4  | Killed a bone dragon
 42316 | Abyss:4  | Found a roughly hewn altar of Beogh.
 42325 | Abyss:4  | Found a glowing golden altar of the Shining One.
 42325 | Abyss:4  | Noticed a juggernaut
 42335 | Abyss:4  | Killed a juggernaut
 42376 | Abyss:4  | Got an abyssal rune of Zot
 42417 | Elf:1    | Escaped the Abyss
 42470 | Elf:1    | Received a gift from Okawaru
 42537 | Elf:1    | Reached skill level 27 in Unarmed Combat
 42566 | Elf:1    | Got the Codex of the Barrage
 42875 | Elf:2    | Found Deytibil's Book Shoppe.
 42883 | Elf:2    | Found Jawir's Jewellery Shoppe.
 42930 | Elf:2    | Found Nexaoruq's Jewellery Shop.
 42982 | Elf:2    | Found a huge runed translucent gate.
 42982 | Elf:2    | Found a huge runed translucent gate.
 42982 | Elf:2    | Found a huge runed translucent gate.
 42983 | Elf:2    | Found a huge runed translucent gate.
 42986 | Elf:2    | Found a huge runed translucent gate.
 43157 | Elf:2    | Found Gotunuy's Antique Weapon Shoppe.
 43695 | Depths:1 | Received a gift from Okawaru
 43833 | Depths:1 | Reached XP level 21. HP: 158/202 MP: 29/29
 44268 | Depths:1 | Found a sacrificial altar of Ru.
 44323 | Depths:1 | Received a gift from Okawaru
 44493 | Depths:1 | Found a gateway to Hell.
 44756 | Depths:2 | Identified the +1 hat of Durable the Leaf {Fly MP-9 Str+3
                  | Stlth+}
 44854 | Depths:2 | Found a one-way gate leading to the halls of Pandemonium.
 45010 | Depths:2 | Found a one-way gate to the infinite horrors of the Abyss.
 45117 | Depths:2 | Received a gift from Okawaru
 45276 | Depths:2 | Identified the staff "Icef" {rPois rF+ Stlth+ Alchemy}
 45435 | Depths:2 | Identified the ring "Sutoally" {rPois rF+ Dex+6}
 45738 | Trove    | Entered a treasure trove
 45785 | Trove    | Identified the +0 kite shield of Kutt {Rampage rC+ SInv}
 45786 | Trove    | Identified the +3 kite shield of Vehumet's Hatred {+Inv
                  | rElec Str-2 Int+7}
 45811 | Trove    | Identified the +0 pair of boots "Wumiamis" {rF- rN+++ Str-3
                  | Int+4}
 45829 | Trove    | Identified the +2 hat "Coawedest" {Fly rElec Dex+8 Stlth-}
 45832 | Trove    | Identified the +0 helmet of Light {+Inv rCorr SInv Stlth+}
 45833 | Trove    | Identified the +4 hat of Nuwnati {rC++}
 46073 | Depths:3 | Found Wyka's Tiny Tomes.
 46269 | Depths:3 | Found a one-way gateway to a ziggurat.
 46666 | Depths:3 | Noticed a golden dragon
 46674 | Depths:3 | Killed a golden dragon
 46996 | Depths:4 | Entered Level 4 of the Depths
 47113 | Depths:4 | Reached XP level 22. HP: 210/215 MP: 30/30
 47342 | Depths:4 | Noticed a golden dragon
 47356 | Depths:4 | Killed a golden dragon
 47765 | Depths:4 | Found a gate to the Realm of Zot.
 47765 | Depths:4 | Noticed a golden dragon
 47816 | Depths:4 | Killed a golden dragon
 48191 | Depths:3 | Identified the +12 quarterstaff of the Several Priests
                  | {antimagic, rPois rF+ rCorr}
 48225 | Zot:1    | Entered Level 1 of the Realm of Zot
 48266 | Depths:4 | Gained mutation: You occasionally lose the ability to read
                  | scrolls when taking damage. [mutagenic glow]
 48285 | Depths:4 | Gained mutation: You occasionally lose the ability to drink
                  | potions when taking damage. [mutagenic glow]
 48291 | Depths:4 | Lost mutation: You occasionally lose the ability to drink
                  | potions when taking damage. [potion of mutation]
 48291 | Depths:4 | Lost mutation: You occasionally lose the ability to read
                  | scrolls when taking damage. [potion of mutation]
 48291 | Depths:4 | Gained mutation: You have a pair of large horns on your
                  | head. [potion of mutation]
 48291 | Depths:4 | Gained mutation: You are weak. (Str -2) [potion of
                  | mutation]
 48291 | Depths:4 | Gained mutation: You are agile. (Dex +4, Str/Int -1)
                  | [potion of mutation]
 48291 | Depths:4 | Lost mutation: You are weak. (Str -2) [potion of mutation]
 48292 | Depths:4 | Lost mutation: You have a pair of large horns on your head.
                  | [potion of mutation]
 48292 | Depths:4 | Lost mutation: You are agile. (Dex +4, Str/Int -1) [potion
                  | of mutation]
 48292 | Depths:4 | Gained mutation: Your mind is acute. (Int +4, Str/Dex -1)
                  | [potion of mutation]
 48292 | Depths:4 | Gained mutation: Your health recovers twice as slowly from
                  | being drained. [potion of mutation]
 48292 | Depths:4 | Gained mutation: You are weak. (Str -2) [potion of
                  | mutation]
 48293 | Depths:4 | Lost mutation: Your mind is acute. (Int +4, Str/Dex -1)
                  | [potion of mutation]
 48293 | Depths:4 | Lost mutation: You are weak. (Str -2) [potion of mutation]
 48293 | Depths:4 | Gained mutation: You occasionally shout uncontrollably at
                  | your foes. [potion of mutation]
 48293 | Depths:4 | Gained mutation: You are somewhat resistant to further
                  | mutation. [potion of mutation]
 48602 | Zot:1    | Noticed a golden dragon
 48621 | Zot:1    | Killed a golden dragon
 48709 | Zot:1    | Found Ygusuafe's CLEARANCE SALE!.
 48733 | Zot:1    | Received a gift from Okawaru
 48944 | Zot:1    | Bought a potion of heal wounds for 30 gold pieces
 49022 | Zot:1    | You are sucked into a shaft and drop 1 floor!
 49150 | Zot:2    | Received a gift from Okawaru
 49283 | Zot:2    | Reached XP level 23. HP: 226/226 MP: 31/31
 49721 | Zot:2    | Received a gift from Okawaru
 50314 | Zot:1    | Found the +5 moon troll leather armour {Spirit, Regen++
                  | MP+5}
 50541 | Zot:1    | Found a corrupted altar of Lugonu.
 50544 | Zot:1    | Got the Compendium of the Zealot
 50937 | Zot:3    | Found a runed translucent door.
 50937 | Zot:3    | Noticed greenbourne's ghost (veteran FeDe)
 51004 | Zot:3    | Received a gift from Okawaru
 51473 | Zot:3    | Received a gift from Okawaru
 51974 | Zot:3    | Killed greenbourne's ghost
 52234 | Zot:4    | Identified the +7 halberd of Accidental Termination {spect,
                  | rElec Int+6 Dex+3}
 52307 | Zot:4    | Reached XP level 24. HP: 222/240 MP: 31/31
 52341 | Zot:4    | Received a gift from Okawaru
 52468 | Zot:4    | Noticed a Killer Klown
 52476 | Zot:4    | Noticed a Killer Klown
 52479 | Zot:4    | Killed a Killer Klown
 52498 | Zot:4    | Found a shimmering altar of Xom.
 52498 | Zot:4    | Found a shimmering altar of Xom.
 52498 | Zot:4    | Found a shimmering altar of Xom.
 52498 | Zot:4    | Found a glowing silver altar of Zin.
 52532 | Zot:4    | Killed a Killer Klown
 52533 | Zot:4    | Found a shimmering altar of Xom.
 52533 | Zot:4    | Found a shimmering altar of Xom.
 52541 | Zot:4    | Found a shimmering altar of Xom.
 53036 | Zot:5    | Entered Level 5 of the Realm of Zot
 53087 | Zot:5    | Received a gift from Okawaru
 53583 | Zot:5    | Noticed a dread lich
 53597 | Zot:5    | Killed a dread lich
 53598 | Zot:5    | Reached skill level 15 in Invocations
 53739 | Zot:5    | Received a gift from Okawaru
 53829 | Zot:5    | Noticed a dread lich
 53844 | Zot:5    | Noticed a Killer Klown
 53845 | Zot:5    | Killed a dread lich
 53855 | Zot:5    | Killed a Killer Klown
 53856 | Zot:5    | Noticed an orb of fire
 53869 | Zot:5    | Killed an orb of fire
 53921 | Zot:5    | Noticed an ancient lich
 53945 | Zot:5    | Killed an ancient lich
 53995 | Zot:5    | Noticed an orb of fire
 54073 | Zot:5    | Killed an orb of fire
 54101 | Zot:5    | Noticed an ancient lich
 54219 | Zot:5    | Killed an ancient lich
 54277 | Zot:5    | Received a gift from Okawaru
 54386 | Zot:5    | Noticed a dread lich
 54410 | Zot:5    | Killed a dread lich
 54411 | Zot:5    | Reached XP level 25. HP: 255/255 MP: 34/34
 54414 | Zot:5    | Noticed an orb of fire
 54436 | Zot:5    | Killed an orb of fire
 54437 | Zot:5    | Reached skill level 27 in Fighting
 54488 | Zot:5    | Noticed an orb of fire
 54499 | Zot:5    | Killed an orb of fire
 54524 | Zot:5    | Noticed a Killer Klown
 54541 | Zot:5    | Killed a Killer Klown
 54693 | Zot:5    | Got the Orb of Zot
 54773 | Zot:4    | Received a gift from Okawaru
 55163 | D:15     | Noticed Bammoitt the pandemonium lord
 55180 | D:15     | Killed Bammoitt the pandemonium lord
 55377 | D:5      | Noticed Izeury the pandemonium lord
 55489 | D:$      | Escaped with the Orb!

Illustrated notes

Levels and vault maps discovered:
D:1:      moated_graveyard_arrival, layout_basic
D:2:      layout_rooms, minmay_pentomino_r2, uniq_terence
D:3:      layout_basic, serial_shops, shop
D:4:      layout_loops_corners, mainiacjoe_overflow_cross_hatched,
          portal_sewer_entry_d
D:5:      kennysheep_steamy, layout_loops_corners,
          lemuel_coloured_pillars_altar, kiku_gazebo_pond_becter,
          minmay_temple_entry_wispy, gammafunk_ghost_hive, uniq_prince_ribbit1
D:6:      layout_loops_ring, mainiacjoe_overflow_alcove_1, nicolae_eternal_life,
          minmay_fractal_squares_diagonal_5, uniq_pikel
D:7:      layout_cave_pods, uniq_crazy_yiuf_cottage
D:8:      layout_loops_corners, vehumet_statue, gammafunk_temple_overflow_claw,
          grunt_potential, uniq_amaemon
D:9:      layout_loops_ring, kennysheep_slug_shrine, minitemple,
          lair_entry_dummy, nicolae_concentric_dashed_squares_wild,
          hangedman_feature_mirror
D:10:     layout_cave_pools, lemuel_round_altar, grunt_qazlal_sundering,
          kennysheep_orc_monster_closet_entryway, nicolae_tricolors
D:11:     layout_roguey
D:12:     layout_basic, nicolae_trove_entry_isolated, minmay_door_square
D:13:     layout_long_grid, kennysheep_generic_room_2, uniq_azrael
D:14:     layout_cave_pools, hellmonk_vaults_attempted_burglary,
          gauntlet_entry_generic, dk_noncrumbling_4
D:15:     hangedman_depths_entry_try_elsewhere_first, layout_basic,
          lemuel_old_faithful, uniq_josephine
Temple:   corrupted_temple
Lair:1:   layout_hall_layers, grunt_megastairs_2
Lair:2:   layout_chaotic_city
Lair:3:   nzn_winding_woodlands_large [nzn_winding_woodlands_5x5_open_star,
          nzn_winding_woodlands_5x15_garden,
          nzn_winding_woodlands_5x5_closed_star,
          nzn_winding_woodlands_center_pierced_h,
          nzn_winding_woodlands_15x15_eel_pit,
          nzn_winding_woodlands_center_lodge,
          nzn_winding_woodlands_5x5_perimeter,
          nzn_winding_woodlands_5x15_default, nzn_winding_woodlands_5x5_cross],
          layout_hall_layers, elwin_shoals_entry_rooms,
          nicolae_spider_entry_lesser_pyramids, kilobyte_rumbling_trees,
          serial_bayou_shore_b, uniq_urug, uniq_gastronok
Lair:4:   layout_loops_ring, dpeg_slime_entry_corner, basic_altar,
          lemuel_fruit_tree, infiniplex_staircase_pool
Lair:5:   grunt_lair_end_beastmaster, layout_cave_pods,
          gammafunk_ghost_berserking_beasts, small_statue_intersection,
          hibernation_bobbens
Shoals:1: layout_shoals, uniq_kirke
Shoals:2: layout_shoals, nicolae_shoals_stone_sculpture_thing
Shoals:3: layout_shoals, uniq_roxanne, uniq_louise
Shoals:4: shoals_end_simple, layout_shoals, shoals_ilsuiw_ice, serial_shops,
          bzr_entry_road
Spider:1: layout_spider_delve, gammafunk_ghost_arena
Spider:2: layout_spider_delve, nicolae_spider_claw_tunnel
Spider:3: layout_cave_pods, einodemon_crawler_minivault, uniq_bai_suzhen
Spider:4: grunt_spider_rune_circles, uniq_mlioglotl
Orc:1:    layout_caves, basic_altar, ebering_ghost_gozag
Orc:2:    pubby_orc_utopia
Elf:1:    layout_loops_cross, minmay_elf_annihilation
Elf:2:    elven_hall_of_blades_hangedman_alternative [grunt_blade_entry_basic],
          layout_gridlike, serial_shops, shop, nicolae_shop_rolling_square,
          nicolae_shop_crystal, nicolae_shop_rolling_square, uniq_jorgrun
Vaults:1: nicolae_vaults_sightless_eye, hangedman_vaults_slither,
          nicolae_vaults_layer_cake_slice, hangedman_vaults_nodes,
          nicolae_vaults_network_quincunx
          [nicolae_vaults_network_quincunx_subvault,
          nicolae_vaults_network_quincunx_subvault,
          nicolae_vaults_network_quincunx_subvault,
          nicolae_vaults_network_quincunx_subvault,
          nicolae_vaults_network_quincunx_subvault], v_misc_31,
          nicolae_vaults_six-pack, nicolae_vaults_offset_grid_hallway_4,
          nicolae_vaults_murder_corner, nicolae_vaults_trapezoid_lopsided_3,
          vaults_dpeg_cross, ontoclasm_vaults_decontamination,
          grunt_vaults_hallway_long, layout_vaults_big_cross
Vaults:2: grunt_vaults_diagonal, vaults_room_semicircle,
          minmay_crypt_entry_necro_gods, v_misc_23, nicolae_vaults_tangram_1,
          v_misc_14, nicolae_vaults_trapezoid_4, v_misc_2,
          nicolae_vaults_tetromino_L_1, ontoclasm_vaults_loading_screen,
          layout_vaults_omnigrid, serial_shops, nicolae_diamond_shop,
          nicolae_shop_rolling_square, nicolae_diamond_shop, shop
Vaults:3: nicolae_vaults_spaceships, nicolae_vaults_closet_pinwheel_1, v_misc_5,
          st_eye, lemuel_angel_altar, vaults_standard_mumra_lines,
          nicolae_vaults_six-pack, vaults_dpeg_encased_lava, vaults_dpeg_hooks,
          v_alt_pattern_2, nicolae_vaults_apartment_2, vaults_room_grid,
          layout_vaults_big_room
Vaults:4: gammafunk_ghost_tricky_traps, nicolae_vaults_windows_and_doors_thing,
          nicolae_vaults_storage_closets_3, nicolae_vaults_disjoint_gnomons,
          st_cross, grunt_vaults_bifocal, hangedman_vaults_capsules,
          nicolae_vaults_sesquioval_fish, nicolae_vaults_closet_pinwheel_5,
          nicolae_vaults_little_squares_5, vaults_room_semicircle,
          layout_vaults_ring, serial_shops, nicolae_shop_tiny_statue_garden,
          nicolae_shop_bloodbath_and_beyond, uniq_zenata, uniq_mennas
Depths:1: layout_roguey, hell_entry, hangedman_ru_absence,
          kennysheep_random_hallway
Depths:2: evilmike_marble_ring, layout_long_grid, minmay_misc_feat_enclosed,
          abyss_entry_crystal, grunt_hell_entry_dis_mu, pan_entry,
          minmay_variable_closet
Depths:3: minmay_skeletal_surprise, layout_basic, enter_ziggurat_d, hellmouth_1,
          pan_entry, nicolae_figureground_pulse, abyss_entry, grunt_decor_cap,
          minmay_statues_item, st_stairs_14, minmay_strange_pillars,
          nicolae_shop_i_like_small_books_too,
          infiniplex_staircase_hallway_doors, firewood_loft
Depths:4: grunt_zot_entry_tricorne, layout_gridlike, hell_entry,
          nicolae_concentric_dashed_squares_mild, serial_bayou_shore_b
Zot:1:    nicolae_zot_draconian_monastery, layout_onion, nicolae_shop_clearance
Zot:2:    minmay_elemental_castle, layout_concentric_octagons,
          amethyst_zot_foddershock
Zot:3:    regret_index_malice_mire, layout_misc_corridors,
          hellmonk_ghost_happy_afterlife
Zot:4:    dreamdust_zin_vs_xom, layout_gridlike, skrybe_zot_glass_1
Zot:5:    layout_misc_corridors

Skill      XL: |  1  2  3  4  5  6  7  8  9 10 11 12 13 14 15 16 17 18 19 20 21 22 23 24 25 |
---------------+----------------------------------------------------------------------------+-----
Unarmed Combat | 1 3 4 5 6 7 8 10 12 14 16 18 20 21 22 23 25 27 | 27.0
Fighting       | 2 3 4 7 8 10 12 14 16 18 19 20 22 23 24 26 27 | 27.0
Armour         | 2 3 6 8 10 12 14 16 20 22 23 24 25 | 25.4
Invocations    | 5 6 8 12 16 17 | 17.0
Shields        | 2 6 12 16 18 21 22 23 | 23.8
Evocations     | 5 6 |  6.4
Dodging        | |  2.1
Stealth        | |  1.5
Spellcasting   | |  1.3
Ice Magic      | |  2.9

Action                     |  1- 3 |  4- 6 |  7- 9 | 10-12 | 13-15 | 16-18 | 19-21 | 22-24 | 25-27 || total
---------------------------+-------+-------+-------+-------+-------+-------+-------+-------+-------++-------
  Melee: Unarmed           |   123 |    76 |   272 |   586 |  1117 |  1693 |  1616 |  1697 |   184 ||  7364
         Headbutt          |    11 |    15 |    60 |   149 |   315 |   407 |   490 |   628 |    63 ||  2138
         Punch             |     1 |     3 |     7 |       |       |       |       |       |       ||    11
   Cast: Freeze            |     7 |       |       |       |       |       |       |       |       ||     7
 Invoke: Heroism           |       |       |       |     2 |     7 |     8 |     5 |     2 |       ||    24
         Receive Weapon    |       |       |       |     1 |       |       |       |       |       ||     1
         Receive Armour    |       |       |       |       |     1 |       |       |       |       ||     1
         Finesse           |       |       |       |       |       |     3 |     4 |     2 |       ||     9
         Duel              |       |       |       |       |       |     2 |       |       |       ||     2
  Evoke: Wand              |       |     1 |       |       |       |     1 |       |       |       ||     2
         Lightning rod     |       |       |       |       |       |       |       |     3 |       ||     3
    Use: Scroll            |       |     1 |     6 |     8 |     8 |    17 |     3 |     2 |     1 ||    46
         Potion            |       |     1 |     1 |       |       |    17 |     3 |     4 |       ||    26
   Stab: Sleeping          |     1 |       |       |       |       |       |       |       |       ||     1
         Paralysed         |       |     4 |       |       |       |       |       |       |       ||     4
         Petrified         |       |       |       |       |    11 |       |       |       |       ||    11
         Distracted        |       |       |       |       |     1 |     1 |       |       |       ||     2
         Invisible         |       |       |       |       |       |     4 |       |       |       ||     4
 Armour: Robe              |    57 |       |       |       |       |       |       |       |       ||    57
         Chain mail        |    31 |    73 |   221 |   518 |   876 |  1289 |   969 |   990 |    45 ||  5012
         Skin              |       |       |       |       |       |       |    54 |       |       ||    54
  Dodge: Dodged            |    60 |    19 |    57 |   167 |   361 |   530 |   298 |   216 |    19 ||  1727
  Block: Buckler           |       |       |     9 |    97 |   138 |       |       |       |       ||   244
         Kite shield       |       |       |       |       |   161 |   355 |       |       |       ||   516
         Tower shield      |       |       |       |       |       |   507 |  1209 |  1303 |   113 ||  3132

Table legend: (Time is in decaauts)
 A = Elapsed time spent in this place.
 B = Non-inter-level travel time spent in this place.
 C = Inter-level travel time spent in this place.
 D = Time resting spent in this place.
 E = Time spent auto-exploring this place.
 F = Levels seen in this place.
 G = Mean time per level.
                   A        B        C        D        E       F      G
               +--------+--------+--------+--------+--------+-----+--------+
         Total |  53552 |  49345 |   4207 |  10216 |  26399 |  53 | 1010.4 |
       Dungeon |  15773 |  13817 |   1956 |   2432 |   8304 |  15 | 1051.5 |
        Temple |      1 |      1 |      0 |      0 |      0 |   1 |    1.0 |
          Lair |   7550 |   7046 |    504 |   2094 |   3439 |   5 | 1510.0 |
        Shoals |   3933 |   3766 |    167 |    772 |   1958 |   4 |  983.2 |
   Spider Nest |   6434 |   6239 |    195 |   3003 |   1987 |   4 | 1608.5 |
  Orcish Mines |   1962 |   1709 |    253 |      0 |   1179 |   2 |  981.0 |
   Elven Halls |   1311 |   1210 |    101 |      9 |    844 |   2 |  655.5 |
        Vaults |   5318 |   5008 |    310 |    585 |   3237 |   4 | 1329.5 |
        Depths |   4325 |   3918 |    407 |    436 |   2290 |   4 | 1081.2 |
           Zot |   5795 |   5485 |    310 |    716 |   2812 |   5 | 1159.0 |
         Abyss |    204 |    204 |      0 |     48 |      5 |   1 |  204.0 |
        Bazaar |    277 |    277 |      0 |    102 |     81 |   1 |  277.0 |
         Trove |    136 |    136 |      0 |      0 |      0 |   1 |  136.0 |
         Sewer |     73 |     73 |      0 |      0 |     35 |   1 |   73.0 |
      Gauntlet |    404 |    404 |      0 |      5 |    225 |   1 |  404.0 |
         Arena |     49 |     49 |      0 |     10 |      0 |   2 |   24.5 |
               +--------+--------+--------+--------+--------+-----+--------+

Top non-repeatable levels by time:
  Lair:3: 2233 daAuts
Spider:2: 1855 daAuts
Spider:3: 1841 daAuts
Spider:4: 1764 daAuts
  Lair:5: 1679 daAuts
   Zot:5: 1562 daAuts
   Orc:2: 1518 daAuts
Vaults:1: 1479 daAuts
  Lair:1: 1425 daAuts
Vaults:4: 1407 daAuts
     D:8: 1379 daAuts
  Lair:2: 1374 daAuts
Shoals:2: 1365 daAuts
     D:5: 1338 daAuts
Depths:4: 1302 daAuts
